 Dungeon Crawl Stone Soup version 0.31-a0-177-g4aa6249778 (webtiles) character file.

Game seed: 15111741675616698613

598 innerfire43 the Poker (level 7, -1/55 HPs)
             Began as a Demonspawn Monk on June 18, 2023.
             Was a Plaything of Xom.
             Slain by a yak (shapeshifter) (13 damage)
             ... on level 4 of the Dungeon.
             The game lasted 00:04:29 (2930 turns).

innerfire43 the Poker (Demonspawn Monk)             Turns: 2930, Time: 00:04:29

Health: -1/55      AC:  3    Str: 13    XL:     7   Next: 17%
Magic:  7/7        EV: 14    Int: 11    God:    Xom [....*.]
Gold:   163        SH:  4    Dex: 16    Spells: 6/6 levels left

rFire   . . .        a - +0 spear
rCold   . . .        d - orb {light}
rNeg    . . .        b - +0 robe
rPois   .            (helmet restricted)
rElec   .            (no cloak)
rCorr   .            t - +0 pair of gloves
SInv    .            (no boots)
Will    .....        i - amulet of magic regeneration
Stlth   +            (no ring)
HPRegen 0.29/turn    (no ring)
MPRegen 0.50/turn

%: no passive effects
@: cleaving, glowing
A: horns 2, demonic guardian 1, foul stench 2, large bone plates 1
a: Renounce Religion


You were on level 4 of the Dungeon.
You worshipped Xom.
You were a beloved toy of Xom.
You visited 1 branch of the dungeon, and saw 4 of its levels.

You collected 163 gold pieces.

Inventory:

Hand Weapons
 a - a +0 spear (weapon)
 j - a +1 heavy sling
 l - a +1 dagger of venom
 o - a +0 scythe
Missiles
 k - 4 silver javelins (quivered)
Armour
 b - a +0 robe (worn)
 d - an orb of light (worn)
 t - a +0 pair of gloves (worn)
Jewellery
 i - an amulet of magic regeneration (around neck)
 u - an amulet of faith
Scrolls
 f - 2 scrolls of identify
 h - 4 scrolls of teleportation
Potions
 c - a potion of ambrosia
 e - a potion of lignification
 g - a potion of curing {unknown}
 m - a potion of cancellation {unknown}
 n - 3 potions of resistance {unknown}
 p - 2 potions of heal wounds {unknown}
 q - a potion of might {unknown}
 r - 2 potions of brilliance {unknown}


   Skills:
 + Level 4.7 Fighting
 + Level 5.7 Polearms
 + Level 0.1 Throwing
 + Level 4.1 Dodging
 + Level 1.0 Stealth
 + Level 0.5 Shields


You had 6 spell levels left.
You didn't know any spells.
Your spell library contained the following spells:

 Spells                   Type           Power      Damage    Failure   Level
 Frozen Ramparts          Ice            0%         1d1       71%         3
 Ice Form                 Ice/Tmut       0%         N/A       98%         4
 Summon Ice Beast         Ice/Summ       0%         N/A       98%         4


Dungeon Overview and Level Annotations

Branches:
Dungeon (4/15)
 Temple: D:4-7

Altars:
Nemelex Xobeh
Xom

Shops:
D:3 *


Innate Abilities, Weirdness & Mutations

You have a pair of horns on your head.
A weak demonic guardian rushes to your aid.
You sometimes emit foul miasma when damaged in melee.
You are partially covered in large bone plates. (SH +4)


Message History

The black bear is poisoned.
The black bear seems to slow down.
You kill the black bear!
Your Stealth skill increases to level 1!
You have reached level 7!
You hit the yak but do no damage.
The yak is lightly wounded.
The yak gores you!
* * * LOW HITPOINT WARNING * * *
You are too injured to fight recklessly!
Unknown command.
You are too injured to fight recklessly!
You are too injured to fight recklessly!
You hit the yak. You headbutt the yak, but do no damage.
The yak is lightly wounded.
The yak barely misses you.
You hit the yak.
The yak is lightly wounded.
The yak gores you.
* * * LOW HITPOINT WARNING * * *
A demonic guardian appears!
You swap places.
Your shadow imp hits the yak.
The yak gores your shadow imp!
Your shadow imp dies!
Your shadow imp disappears in a puff of smoke! "Serve the toy, my child!"
Your white imp hits the yak but does no damage.
Your crimson imp blinks!
Your white imp barely misses the yak.
Your white imp hits the yak but does no damage.
Your white imp hits the yak but does no damage.
Your crimson imp blinks!
Your crimson imp barely misses the yak.
Your white imp gestures at the yak.
The puff of frost hits the yak!
The yak barely misses you.
Your crimson imp closely misses the yak.
You hit the yak.
The yak is moderately wounded.
You hit the yak.
The yak is heavily wounded.
Your crimson imp barely misses the yak.
The yak gores you!
You die...

.......(..............<.,,,,,,,,,
..........#.####.##**...,,,,,,,,,
.....##....).#...####..#,*,,,***,
#....###).##.>.........#,,,,,**,,
####....†.....$.........,,,,,,,,*
#.###.##.............,,,,,,,,*
#.# #.#####..55..../.,,,****,,
#.###.# #..Y..#.......## ***
#..##.# #..@#......g...# ***
##.##.# #..............# *,,
#..#.# **#.###....<.....###,*
##.#.# *...* *#......$..#.,,*
#.#.# #.##****..........,***
#.#.# #.,,,,,,,?.......#**,,
#.#.# #*******,........#**,*
#.#.# *,........#,,,* #.#.#
*,........#,***


You could see a yak shaped shifter (ally target), a friendly crimson imp
(summoned) and a friendly white imp (summoned).

Vanquished Creatures
  Sigmund (D:2)
  A black bear (D:4)
  An orc warrior (D:3)
  A jelly (D:3)
  Terence (D:2)
  2 gnolls (D:3)
  3 adders
  A worm (D:2)
  A dart slug (D:4)
  7 orcs
  4 bats
  3 endoplasms (D:1)
  4 giant cockroaches
  8 goblins
  A hobgoblin (D:1)
  5 kobolds
  A quokka (D:2)
  6 ball pythons
  A frilled lizard (D:1)
  4 rats
56 creatures vanquished.

Vanquished Creatures (collateral kills)
  An ogre (D:4)
  A gnoll (D:3)
  A giant cockroach (D:4)
  2 kobolds
5 creatures vanquished.

Grand Total: 61 creatures vanquished

Notes
Turn   | Place    | Note
-------+----------+-------------------------------------------
     0 | D:1      | innerfire43 the Demonspawn Monk began the quest for the
                  | Orb.
     0 | D:1      | Reached XP level 1. HP: 18/18 MP: 1/1
    66 | D:1      | Found a faded altar of an unknown god.
   104 | D:1      | Prayed at the altar of an unknown god.
   104 | D:1      | Became a worshipper of Xom of Bone-Dry Humour
   144 | D:1      | Gained mutation: A weak demonic guardian rushes to your
                  | aid. [demonic ancestry]
   144 | D:1      | Reached XP level 2. HP: 24/24 MP: 2/2
   210 | D:1      | XOM: divination: magic mapping
   271 | D:1      | Reached skill level 3 in Polearms
   747 | D:1      | Gained mutation: You may rarely emit foul miasma when
                  | damaged in melee. [demonic ancestry]
   747 | D:1      | Reached XP level 3. HP: 23/29 MP: 3/3
  1044 | D:2      | Noticed Terence
  1050 | D:2      | Killed Terence
  1175 | D:2      | Gained mutation: You have a pair of small horns on your
                  | head. [demonic ancestry]
  1175 | D:2      | Reached XP level 4. HP: 34/35 MP: 4/4
  1240 | D:2      | Noticed Sigmund
  1240 | D:2      | XOM: confuse monster(s)
  1257 | D:2      | XOM: confuse monster(s)
  1258 | D:2      | XOM: divination: magic mapping
  1265 | D:2      | Killed Sigmund
  1266 | D:2      | Reached skill level 4 in Polearms
  1266 | D:2      | Gained mutation: You sometimes emit foul miasma when
                  | damaged in melee. [demonic ancestry]
  1266 | D:2      | Reached XP level 5. HP: 28/42 MP: 5/5
  1474 | D:2      | Gained mutation: You are partially covered in large bone
                  | plates. (SH +4) [potion of mutation]
  1747 | D:3      | XOM: 7-stop teleportation journey
  1855 | D:3      | XOM: polymorph gnoll -> jelly
  1858 | D:3      | Reached skill level 5 in Polearms
  1858 | D:3      | Gained mutation: You have a pair of horns on your head.
                  | [demonic ancestry]
  1858 | D:3      | Reached XP level 6. HP: 42/48 MP: 6/6
  1864 | D:3      | XOM: butterfly on damage
  1972 | D:3      | XOM: 1-stop teleportation journey
  2104 | D:3      | Found Iquost's Assorted Antiques.
  2290 | D:3      | Noticed an orc warrior
  2296 | D:3      | Killed an orc warrior
  2552 | D:3      | Found a sparkling altar of Nemelex Xobeh.
  2589 | D:4      | XOM: cast spell 'Death Channel'
  2591 | D:4      | XOM: draining
  2594 | D:4      | XOM: silly message
  2596 | D:4      | XOM: summons friendly red devil
  2738 | D:4      | XOM: 2-stop teleportation journey
  2906 | D:4      | XOM: divination: magic mapping
  2909 | D:4      | XOM: polymorph hobgoblin -> endoplasm
  2913 | D:4      | an endoplasm changed into a shapeshifter
  2913 | D:4      | Noticed a shapeshifter (shapeshifter)
  2913 | D:4      | XOM: polymorph endoplasm -> shapeshifter
  2913 | D:4      | a shapeshifter changed into a human
  2913 | D:4      | Noticed a human (shapeshifter)
  2915 | D:4      | XOM: cleaving
  2915 | D:4      | a human changed into a yak
  2915 | D:4      | Noticed a yak (shapeshifter)
  2917 | D:4      | Reached skill level 1 in Stealth
  2917 | D:4      | Reached XP level 7. HP: 28/55 MP: 7/7
  2921 | D:4      | XOM: summons friendly crimson imp
  2930 | D:4      | Slain by a yak (shapeshifter)

Illustrated notes

Levels and vault maps discovered:
D:1:      lightli_arrival_statue_moat, layout_loops_ring,
          hellmonk_ecumenical_altar_arch_garden, minmay_pentomino_w2
D:2:      layout_rooms, uniq_sigmund, uniq_terence
D:3:      layout_basic, nemelex_diamond_rough_becter, serial_shops, shop
D:4:      kennysheep_goblin_castle, layout_rooms, nicolae_tso_carved_into_rock

Skill      XL: |  1  2  3  4  5  6 |
---------------+-------------------+-----
Polearms       | 3 4 5 |  5.7
Dodging        | 3 4 |  4.1
Fighting       | 4 |  4.7
Stealth        | 1 |  1.0
Throwing       | |  0.1
Shields        | |  0.5

Action                     |  1- 3 |  4- 6 |  7- 9 || total
---------------------------+-------+-------+-------++-------
  Melee: Spear             |   113 |   115 |     5 ||   233
         Headbutt          |       |    25 |     1 ||    26
  Throw: Javelin           |       |     2 |       ||     2
    Use: Scroll            |       |     4 |       ||     4
         Potion            |       |     1 |       ||     1
 Armour: Robe              |    12 |     6 |       ||    18
  Dodge: Dodged            |    52 |    52 |     2 ||   106
  Block: Orb               |       |    10 |       ||    10

Table legend: (Time is in decaauts)
 A = Elapsed time spent in this place.
 B = Non-inter-level travel time spent in this place.
 C = Inter-level travel time spent in this place.
 D = Time resting spent in this place.
 E = Time spent auto-exploring this place.
 F = Levels seen in this place.
 G = Mean time per level.
                   A        B        C        D        E       F      G
               +--------+--------+--------+--------+--------+-----+--------+
         Total |   2907 |   2826 |     81 |      0 |   2301 |   4 |  726.8 |
       Dungeon |   2907 |   2826 |     81 |      0 |   2301 |   4 |  726.8 |
               +--------+--------+--------+--------+--------+-----+--------+

Top non-repeatable levels by time:
     D:3: 1080 daAuts
     D:1: 911 daAuts
     D:2: 564 daAuts
     D:4: 350 daAuts
